 Dungeon Crawl Stone Soup version 0.21.1-1-g345015f (webtiles) character file.

12 Krilegs the Ruffian (level 2, 0/23 HPs)
             Began as a Draconian Transmuter on May 6, 2018.
             Succumbed to an adder's poison
             ... on level 2 of the Dungeon.
             The game lasted 00:04:46 (498 turns).

Krilegs the Ruffian (Draconian Transmuter)           Turns: 498, Time: 00:04:47

Health: 0/23       AC:  5    Str: 12    XL:     2   Next: 20%
Magic:  3/5        EV: 12    Int: 17    God:
Gold:   0          SH:  0    Dex: 11    Spells: 2/5 levels left

rFire    . . .     SeeInvis .   h - -2 club (curse)
rCold    . . .     Gourm    .   (no shield)
rNeg     . . .     Faith    .   (armour unavailable)
rPois    .         Spirit   .   (helmet restricted)
rElec    .         Reflect  .   (no cloak)
rCorr    .         Harm     .   d - +0 pair of gloves
MR       .....                  (no boots)
Stlth    +.........             (no amulet)
HPRegen  0.07/turn              k - +4 ring of intelligence
MPRegen  0.09/turn              (no ring)

@: lethally poisoned (0 -> -3)
A: unfitting armour, cold-blooded, AC +4
a: no special abilities


You were on level 2 of the Dungeon.
You were not hungry.

You visited 1 branch of the dungeon, and saw 2 of its levels.

Inventory:

Hand Weapons
 g - a +0 club
 h - a cursed -2 club (weapon)
 j - a +0 hunting sling
Missiles
 a - 11 arrows
 e - 19 bolts
Armour
 d - a +0 pair of gloves (worn)
Jewellery
 k - a +4 ring of intelligence (left hand)
Scrolls
 f - a scroll of fear {unknown}
Potions
 i - a potion of resistance {unknown}
Books
 b - a book of Changes

   Spells                             Type                      Level
   a - Beastly Appendage              Transmutation                1
   b - Sticks to Snakes               Transmutation                2
   c - Spider Form                    Transmutation/Poison         3
   d - Ice Form                       Ice/Transmutation            4
   e - Blade Hands                    Transmutation                5
Comestibles
 c - 2 rations


   Skills:
 + Level 1.4 Fighting
 + Level 1.8 Dodging
 + Level 3.3 Unarmed Combat
 + Level 2.0 Spellcasting
 + Level 2.2 Transmutations


You had 2 spell levels left.
You knew the following spells:

 Your Spells              Type           Power        Failure   Level  Hunger
a - Beastly Appendage     Tmut           #.....       8%          1    #......
b - Sticks to Snakes      Tmut           #.......     12%         2    ###....


Dungeon Overview and Level Annotations

Branches:
Dungeon (2/15)

Altars:


Innate Abilities, Weirdness & Mutations

Your plain brown scales are hard. (AC +4)
You cannot fit into any form of body armour.
You are cold-blooded and may be slowed by cold attacks.


Message History

You create a snake!
You now have 11 arrows.
* * * LOW HITPOINT WARNING * * *
You feel sick. The adder bites you but does no damage.
The rat bites you but does no damage. The goblin hits you but does no damage.
The adder misses you.
Your ball python barely misses the rat.
Your ball python grabs the rat.
Your ball python constricts the rat.
* * * LOW HITPOINT WARNING * * *
You feel sick.
The rat struggles to escape constriction.
Your ball python bites the rat.
Your ball python constricts the rat.
The rat dies!
The dart slug launches a dart at you. The slug dart hits your ball python.
Your ball python bites the dart slug but does no damage.
Your ball python grabs the dart slug.
Your ball python constricts the dart slug.
The dart slug bites your ball python.
Your ball python dies!
The adder barely misses you.
You die...

.... #....###### #.........#
.........#########
#..........#....#
######..........#....#
######....#..........#....#
..........†(.g....).>#....#
......)...w...S.@....#....#######
..........#####......'....'......
?.........# ####...#....#######
..<.......# ##..######
..........# #.... ...........
#..... ######.#.... #.....
#.#..... ##..#+# ...#


You could see an adder, a dart slug and a goblin.

Vanquished Creatures
  2 bats (D:1)
  2 goblins
  2 hobgoblins (D:1)
  2 kobolds
  A frilled lizard (D:1)
  2 rats
11 creatures vanquished.

Vanquished Creatures (collateral kills)
  A rat (D:2)
1 creature vanquished.

Grand Total: 12 creatures vanquished

Notes
Turn   | Place    | Note
-------+----------+-------------------------------------------
     0 | D:1      | Krilegs the Draconian Transmuter began the quest for the Orb.
     0 | D:1      | Reached XP level 1. HP: 16/16 MP: 3/3
   200 | D:1      | Reached XP level 2. HP: 23/23 MP: 3/5
   296 | D:1      | Learned a level 2 spell: Sticks to Snakes
   494 | D:2      | HP: 1/23 [poisoned by an adder]
   498 | D:2      | Succumbed to an adder's poison

Action                   || total
-------------------------++-------
Melee: Club              ||    41
       Unarmed           ||     4
       Tailslap          ||     3
       Kick              ||     2
       Headbutt          ||     1
 Cast: Beastly Appendage ||     9
       Sticks to Snakes  ||     1
Armor: Skin              ||    39
Dodge: Dodged            ||    97
